 Dungeon Crawl Stone Soup version 0.23-a0-899-gbbae0a3 (webtiles) character file.

Game seed: 3366759456945330191

51 Lanoc the Insei (level 3, -10/23 HPs)
             Began as an Octopode Transmuter on Jan 29, 2019.
             Was a Follower of Cheibriados.
             Mangled by Crazy Yiuf
             ... wielding a +3 quarterstaff of chaos
              (15 damage)
             ... on level 2 of the Dungeon.
             The game lasted 00:06:27 (1769 turns).

Lanoc the Insei (Octopode Transmuter)               Turns: 1769, Time: 00:06:27

Health: -10/23     AC:  2    Str: 11    XL:     3   Next: 81%
Magic:  3/6        EV: 20    Int: 22    God:    Cheibriados [*.....]
Gold:   92         SH:  0    Dex: 19    Spells: 0/6 levels left

rFire    . . .     SeeInvis .     - Unarmed
rCold    . . .     Gourm    .   (shield currently unavailable)
rNeg     . . .     Faith    .   (helmet currently unavailable)
rPois    x         Spirit   .   (no amulet)
rElec    .         Reflect  .   j - +4 ring of intelligence
rCorr    .         Harm     .   (no ring)
MR       .....                  (no ring)
Stlth    ++........             (no ring)
HPRegen  0.07/turn              (no ring)
MPRegen  0.10/turn              (no ring)
                                (no ring)
                                (no ring)

@: spider-form (expiring), lightly drained, very slow
A: tiny, almost no armour, stealthy swim, (amphibious), 8 rings, (constrict 8)
a: End Transformation, Bend Time, Renounce Religion


You were on level 2 of the Dungeon.
You worshipped Cheibriados.
Cheibriados was aware of your devotion.
You were not hungry.
You were a venomous arachnid creature.
You visited 1 branch of the dungeon, and saw 2 of its levels.

You collected 92 gold pieces.

Inventory:

Missiles
 a - 44 arrows
Jewellery
 j - a +4 ring of intelligence (left front leg)
Scrolls
 d - a scroll of teleportation {unknown}
 f - 2 scrolls of blinking {unknown}
 g - 6 scrolls of identify {unknown}
 h - a scroll of amnesia {unknown}
 i - a scroll of enchant armour {unknown}
 k - a scroll of fear {unknown}
 l - 2 scrolls of fog {unknown}
 m - 2 scrolls of remove curse {unknown}
 n - a scroll of enchant weapon {unknown}
Potions
 b - a potion of agility {unknown}
 e - a potion of might {unknown}
 o - a potion of curing {unknown}
Comestibles
 c - 2 rations


   Skills:
 + Level 1.6(1.2) Fighting
 + Level 2.4(2.0) Dodging
 * Level 3.6(3.2) Unarmed Combat
 + Level 2.0(1.6) Spellcasting
 * Level 2.7(2.3) Transmutations


You couldn't memorise any spells.
You knew the following spells:

 Your Spells              Type           Power        Failure   Level  Hunger
a - Beastly Appendage     Tmut           ##....       16%         1    #......
b - Sticks to Snakes      Tmut           ##......     22%         2    ###....
c - Spider Form           Tmut/Pois      #.........   47%         3    ###....

Your spell library contained the following spells:

 Spells                   Type           Power        Failure   Level  Hunger
 Ice Form                 Ice/Tmut       #.......     83%         4    #####..
 Blade Hands              Tmut           ##........   94%         5    ######.


Dungeon Overview and Level Annotations

Branches:
Dungeon (2/15)

Altars:
Cheibriados

Annotations:
D:2 Crazy Yiuf


Innate Abilities, Weirdness & Mutations

You cannot wear most types of armour.
You are very stealthy in the water. (Stealth+)
((You are amphibious.))
You can wear up to eight rings at the same time.
((You can use your tentacles to constrict eight enemies at once.))
((Your skin changes colour to match your surroundings (Stealth+).))
((Your rubbery body absorbs attacks. (AC +1, EV +1)))


Message History

Found a stone staircase leading down.
You open the door.
There is an open door here.
Found a mace.
Found a runed translucent door.
Crazy Yiuf shouts!
Cast which spell? (? or * to list)
You turn into a venomous arachnid creature.
You open the door. You bite Crazy Yiuf!
Crazy Yiuf is moderately wounded.
Crazy Yiuf hits you with a +3 quarterstaff of chaos!
Ouch! That really hurt!
You feel drained.
* * * LOW HITPOINT WARNING * * *
You hit Crazy Yiuf.
Crazy Yiuf is poisoned.
Crazy Yiuf is severely wounded.
Your transformation is almost over.
Crazy Yiuf hits you with a +3 quarterstaff of chaos!
Ouch! That really hurt!
You die...

# .# ##....#######
###.### #+..+# .......
♣....♣ ##.#### ♣...♣♣
....... ♣♣.♣♣ ##.####.#
♣.♣♣ ........#..# ♣♣.♣
##.######..# ♣.♣♣
##.####....# ♣♣s♣
##.#.......# #g#
##.#.##.#..# ...
...........# #...#
...........# #..)#
#....##.#..# #####
#..........#
...........############
#.....................##


You could see Crazy Yiuf.

Vanquished Creatures
  An adder (D:2)
  2 worms (D:2)
  2 dart slugs (D:1)
  A leopard gecko (D:1)
  2 goblins (D:1)
  7 hobgoblins
  4 jackals (D:1)
  3 kobolds (D:1)
  3 bats
  2 frilled lizards
  3 rats
30 creatures vanquished.

Notes
Turn   | Place    | Note
-------+----------+-------------------------------------------
     0 | D:1      | Lanoc the Octopode Transmuter began the quest for the Orb.
     0 | D:1      | Reached XP level 1. HP: 13/13 MP: 3/3
   276 | D:1      | Reached XP level 2. HP: 16/18 MP: 3/5
   404 | D:1      | Learned a level 2 spell: Sticks to Snakes
   716 | D:1      | Reached XP level 3. HP: 16/23 MP: 6/6
  1113 | D:2      | Learned a level 3 spell: Spider Form
  1136 | D:2      | Found a faded altar of an unknown god.
  1144 | D:2      | Became a worshipper of Cheibriados the Contemplative
  1144 | D:2      | Reached * piety under Cheibriados
  1762 | D:2      | Found a runed translucent door.
  1763 | D:2      | Noticed Crazy Yiuf
  1769 | D:2      | Mangled by Crazy Yiuf

Vault maps used:
D:1:      nicolae_arrival_memento_mori, serial_glass, glass_columns_a,
          glass_columns_c, glass_columns_b, glass_columns_b, glass_columns_a,
          due_unseen_surprise, item_on_display_a, feat_on_display,
          feat_on_display
D:2:      chequers_ecumenical_altar_island, first_ration,
          uniq_crazy_yiuf_cottage

Action                   || total
-------------------------++-------
Melee: Unarmed           ||    67
       Constrict         ||    16
       Tentacles         ||    11
       Kick              ||    11
 Cast: Beastly Appendage ||    12
       Spider Form       ||     3
       Sticks to Snakes  ||     1
 Stab: Sleeping          ||     3
  Eat: Chunk             ||     2
Armor: Skin              ||     2
Dodge: Dodged            ||    35

Table legend:
 A = Non-vault XP
 B = Vault XP
 C = Vault XP percentage of total XP
 D = Non-vault monster count
 E = Vault monster count
 F = Vault count percentage of total count
                 A         B        C        D         E       F
            +---------+---------+-------+---------+---------+-------
      Total |      73 |       0 |   0.0 |      30 |       0 |   0.0
            +---------+---------+-------+---------+---------+-------
        D:1 |      45 |       0 |   0.0 |      23 |       0 |   0.0
        D:2 |      28 |       0 |   0.0 |       7 |       0 |   0.0
            +---------+---------+-------+---------+---------+-------
